 Dungeon Crawl Stone Soup version 0.25-a0-700-g7f8a797 (webtiles) character file.

Game seed: 17957421796188898883, levelgen mode: deterministic

7207 Faca the Grappler (level 10, -19/107 HPs)
             Began as a Troll Fighter on Apr 2, 2020.
             Was a High Priest of Okawaru.
             Demolished by a two-headed ogre
             ... wielding a +0 giant spiked club
              (23 damage)
             ... while paralysed by an ogre mage
             ... on level 10 of the Dungeon.
             The game lasted 00:17:32 (7399 turns).

Faca the Grappler (Troll Fighter)                   Turns: 7399, Time: 00:17:33

Health: -19/107    AC:  8    Str: 35    XL:     10   Next: 87%
Magic:  7/9        EV:  1    Int:  4    God:    Okawaru [*****.]
Gold:   703        SH:  0    Dex:  9    Spells: 9/9 levels left

rFire    . . .     SeeInvis +     - Unarmed
rCold    . . .     Gourm    +   b - +1 kite shield
rNeg     . . .     Faith    .   u - +0 robe "Ruloneiz" {Regen+ Str+3} (curse)
rPois    .         Spirit   .   (helmet restricted)
rElec    +         Reflect  .   J - +1 cloak of Okawaru {rElec}
rCorr    .         Harm     .   (gloves unavailable)
MR       .....                  (boots unavailable)
Stlth    ++........             (no amulet)
HPRegen  1.07/turn              m - +3 ring of slaying
MPRegen  0.11/turn              l - ring "Fahuolip" {Str+3 SInv Stlth-}

@: paralysed, heroism
A: large, unfitting armour, claws 3, fast metabolism 3, gourmand, regeneration
1, shaggy fur 1, tough skin 3
a: Heroism, Finesse, Renounce Religion


You were on level 10 of the Dungeon.
You worshipped Okawaru.
Okawaru was extremely pleased with you.
You were completely stuffed.

You visited 2 branches of the dungeon, and saw 14 of its levels.

You collected 703 gold pieces.

Inventory:

Missiles
 f - 305 stones (quivered)
 y - 7 javelins
 B - 4 silver javelins
Armour
 b - a +1 kite shield (worn)
 u - the cursed +0 robe "Ruloneiz" (worn) {Regen+ Str+3}
   (You found it on level 5 of the Dungeon)

   It affects your strength (+3).
   It increases your rate of regeneration.
   It has a curse placed upon it.
 J - the +1 cloak of Okawaru (worn) {rElec}
   (Okawaru gifted it to you on level 13 of the Dungeon)

   It insulates you from electricity.
Jewellery
 l - the ring "Fahuolip" (right claw) {Str+3 SInv Stlth-}
   (You found it on level 5 of the Dungeon)

   [ring of attention]

   It affects your strength (+3).
   It lets you see invisible.
   It makes you less stealthy.
 m - a +3 ring of slaying (left claw)
 n - an uncursed ring of protection from cold
 o - an uncursed ring of flight
 s - an uncursed ring of fire
 v - an uncursed ring of resist corrosion
Wands
 k - a wand of disintegration (21)
 x - a wand of scattershot (4)
 D - a wand of paralysis (12)
Scrolls
 e - 10 scrolls of remove curse
 h - a scroll of enchant weapon
 p - 4 scrolls of enchant armour
 w - 2 scrolls of teleportation
 H - a scroll of fog
Potions
 a - 3 potions of lignification
 c - a potion of might
 g - 6 potions of curing
 i - 3 potions of heal wounds
 j - 2 potions of haste
 q - 4 potions of flight
 r - 2 potions of stabbing {unknown}
 t - 2 potions of berserk rage {unknown}
 z - a potion of resistance
 A - a potion of invisibility
Comestibles
 d - 23 rations
 C - a chunk of flesh


   Skills:
 + Level 9.5(14.5) Fighting
 + Level 5.1(10.1) Throwing
 - Level 2.4(7.4) Dodging
 + Level 4.0(9.0) Shields
 + Level 10.9(15.9) Unarmed Combat


You had 9 spell levels left.
You didn't know any spells.
Your spell library contained the following spells:

 Spells                   Type           Power        Failure   Level  Hunger
 Freeze                   Ice            #...         50%         1    ##.....
 Magic Dart               Conj           #...         50%         1    ##.....
 Searing Ray              Conj           #.....       65%         2    ###....
 Dazzling Flash           Conj/Hex       #.....       86%         3    ####...
 Frozen Ramparts          Ice            #.....       86%         3    ####...
 Ozocubu's Armour         Chrm/Ice       #.......     86%         3    ####...
 Fulminant Prism          Conj/Hex       #.........   99%         4    #####..
 Hailstorm                Conj/Ice       #.......     99%         4    #####..
 Iskenderun's Mystic Bla  Conj/Tloc      #.......     99%         4    #####..
 Summon Ice Beast         Ice/Summ       #.......     99%         4    #####..


Dungeon Overview and Level Annotations

Branches:
Dungeon (13/15)            Temple (1/1) D:4
   Lair: D:8-11         Orc: D:9-12      Vaults: D:13-14

Altars:
Ashenzari
Cheibriados
Dithmenos
Elyvilon
Fedhas
Gozag
Hepliaklqana
Kikubaaqudgha
Makhleb
Nemelex Xobeh
Okawaru
Qazlal
Ru
Sif Muna
Trog
Uskayaw
Vehumet
Wu Jian
Xom
Yredelemnul
Zin
The Shining One

Annotations:
D:4 2 transporters, frogmoss10's ghost, amateur NaGl


Innate Abilities, Weirdness & Mutations

You are too large for most types of armour.
You have claws for hands.
Your metabolism is lightning-fast.
You like to eat raw meat.
Your natural rate of healing is unusually fast.
You are covered in fur. (AC +1)
You have extremely tough skin. (AC +3)


Message History

The ogre mage hits you.
You gain the combat prowess of a mighty hero.
You block the two-headed ogre's attack. x2
The ogre mage gestures at you while chanting.
You suddenly lose the ability to move!
The two-headed ogre hits you with a +0 giant spiked club!!
The two-headed ogre hits you with a +0 dire flail!!
The ogre mage hits you.
The two-headed ogre hits you with a +0 giant spiked club!!!
* * * LOW HITPOINT WARNING * * *
The two-headed ogre hits you with a +0 dire flail.
* * * LOW HITPOINT WARNING * * *
The ogre mage hits you.
* * * LOW HITPOINT WARNING * * *
The ogre mage hits you.
* * * LOW HITPOINT WARNING * * *
The two-headed ogre hits you with a +0 giant spiked club.
* * * LOW HITPOINT WARNING * * *
The two-headed ogre hits you with a +0 dire flail!!
You die...

#.###..###....##
#.#.#....##
#......#.#
########.# ####
##'###.. ##...##.#
##....)#.#
##......).#
#........@##.
.'.......OOO......
#.#................
##.#.......####....
.###.....## ###
##...## ##'# #.#
#.#


You could see 2 two-headed ogres and an ogre mage.

Vanquished Creatures
  A two-headed ogre (D:11)
  A tengu warrior (D:13)
  Pikel (D:7)
  A gargoyle (D:10)
  A tengu conjurer (D:13)
  A troll (D:13)
  A hippogriff (D:8)
  6 orc warriors
  4 sky beasts
  3 ice beasts
  A black bear (D:9)
  A phantom (D:4)
  7 ogres
  A big kobold (D:13)
  2 bullfrogs
  A wyvern skeleton (D:11)
  6 scorpions
  A water moccasin skeleton (D:4)
  A howler monkey (D:9)
  11 crimson imps
  A bullfrog zombie (D:7)
  2 quasits
  8 orc priests
  4 hounds
  4 jellies
  A centaur skeleton (D:7)
  4 bullfrog skeletons
  3 iguanas
  6 worker ants
  8 orc wizards
  A killer bee zombie (D:5)
  2 hound skeletons
  A worker ant zombie (D:8)
  A howler monkey skeleton (D:6)
  17 adders
  4 shadow imps
  2 oozes
  An adder zombie (D:9)
  4 adder skeletons
  3 worms (D:4)
  A dart slug (D:1)
  4 leopard geckos
  40 orcs
  3 giant cockroaches
  6 goblins
  13 hobgoblins
  8 jackals
  8 quokkas
  A ball python (D:4)
  7 bats
  7 frilled lizards
  A jackal zombie (D:6)
  15 kobolds
  A leopard gecko skeleton (D:5)
  A quokka zombie (D:5)
  7 rats
252 creatures vanquished.

Vanquished Creatures (others)
  A slave (D:7)
  An orc wizard (D:7)
  An orc (D:7)
3 creatures vanquished.

Grand Total: 255 creatures vanquished

Notes
Turn   | Place    | Note
-------+----------+-------------------------------------------
     0 | D:1      | Faca the Troll Fighter began the quest for the Orb.
     0 | D:1      | Reached XP level 1. HP: 22/22 MP: 0/0
    66 | D:1      | Reached XP level 2. HP: 29/29 MP: 1/1
  1026 | D:2      | Reached XP level 3. HP: 35/37 MP: 2/2
  1090 | D:2      | Reached skill level 3 in Unarmed Combat
  1401 | D:2      | Found a glowing silver altar of Zin.
  1545 | D:2      | Reached XP level 4. HP: 45/45 MP: 3/3
  2076 | D:3      | Reached skill level 4 in Unarmed Combat
  2076 | D:3      | Reached XP level 5. HP: 34/54 MP: 4/4
  2516 | D:4      | Found a staircase to the Ecumenical Temple.
  2532 | Temple   | Entered the Ecumenical Temple
  2565 | Temple   | Became a worshipper of Warmaster Okawaru
  2669 | D:4      | Noticed frogmoss10's ghost (amateur NaGl)
  2670 | D:4      | Found a transporter.
  2732 | D:4      | Noticed an ogre
  2740 | D:4      | Killed an ogre
  2740 | D:4      | Reached XP level 6. HP: 53/62 MP: 5/5
  2762 | D:4      | Reached skill level 5 in Unarmed Combat
  2800 | D:4      | Reached * piety under Okawaru
  2849 | D:4      | Found a basalt altar of Yredelemnul.
  2913 | D:4      | Found a hazy altar of Hepliaklqana.
  2955 | D:4      | Reached skill level 5 in Fighting
  2955 | D:4      | Reached XP level 7. HP: 67/72 MP: 6/6
  3159 | D:4      | Found a transporter.
  3297 | D:5      | Entered Level 5 of the Dungeon
  3304 | D:5      | Reached skill level 6 in Unarmed Combat
  3316 | D:5      | Got a transparent robe
  3327 | D:5      | Identified the +1 robe "Qubuwn" {Dex+4 Stlth-} (You found
                  | it on level 5 of the Dungeon)
  3413 | D:5      | Got a fine lead ring
  3415 | D:5      | Identified the ring "Fahuolip" {Str+3 SInv Stlth-} (You
                  | found it on level 5 of the Dungeon)
  3459 | D:5      | Reached ** piety under Okawaru
  3491 | D:5      | Reached skill level 7 in Unarmed Combat
  3491 | D:5      | Reached XP level 8. HP: 83/83 MP: 7/7
  3610 | D:5      | Got a wizard robe
  3621 | D:5      | Identified the cursed +0 robe "Ruloneiz" {Regen+ Str+3}
                  | (You found it on level 5 of the Dungeon)
  3675 | D:5      | Found a shadowy altar of Dithmenos.
  3686 | D:5      | Found a blossoming altar of Fedhas.
  3742 | D:5      | Found a stormy altar of Qazlal.
  3927 | D:6      | Found a stormy altar of Qazlal.
  4232 | D:6      | Reached skill level 8 in Unarmed Combat
  4750 | D:7      | Reached *** piety under Okawaru
  4765 | D:7      | Reached XP level 9. HP: 89/93 MP: 8/8
  4863 | D:7      | Noticed Pikel
  4886 | D:7      | Killed Pikel
  4886 | D:7      | Reached skill level 9 in Unarmed Combat
  5396 | D:8      | Reached skill level 1 in Throwing
  5428 | D:8      | Reached **** piety under Okawaru
  5497 | D:8      | Found a glowing golden altar of the Shining One.
  5630 | D:8      | Reached skill level 10 in Unarmed Combat
  6005 | D:9      | Reached XP level 10. HP: 106/106 MP: 9/9
  6445 | D:9      | Found a sparkling altar of Nemelex Xobeh.
  6589 | D:10     | Entered Level 10 of the Dungeon
  6670 | D:10     | Noticed a gargoyle
  6683 | D:10     | Killed a gargoyle
  6683 | D:10     | Received a gift from Okawaru
  6861 | D:10     | You fall into a shaft and drop 3 floors!
  6899 | D:13     | Noticed a tengu warrior
  6911 | D:13     | Killed a tengu warrior
  6911 | D:13     | Reached ***** piety under Okawaru
  6911 | D:13     | Received a gift from Okawaru
  6920 | D:13     | Got a faintly humming cloak {god gift}
  6936 | D:13     | Identified the +1 cloak of Okawaru {rElec} (Okawaru gifted
                  | it to you on level 13 of the Dungeon)
  7108 | D:12     | Noticed a seven-headed hydra
  7230 | D:11     | Noticed a two-headed ogre
  7237 | D:11     | Killed a two-headed ogre
  7290 | D:11     | Reached skill level 5 in Throwing
  7298 | D:11     | Noticed an eight-headed hydra
  7391 | D:10     | Noticed an ogre mage
  7393 | D:10     | Noticed a two-headed ogre
  7393 | D:10     | Noticed a two-headed ogre
  7395 | D:10     | Paralysed by an ogre mage for 6 turns
  7399 | D:10     | HP: 4/107 [two-headed ogre/+0 giant spiked club (6)]
  7399 | D:10     | Demolished by a two-headed ogre

Levels and vault maps discovered:
D:1:      wander_arrival_abandoned_jail, layout_loops_corners
D:2:      layout_basic, nicolae_overflow_hidden_temple,
          ebering_dispersal_statue_hall
D:3:      layout_basic
D:4:      layout_loops_cross, overflow_temple_1_default, old_standard_altar,
          minmay_temple_entry_waves, gammafunk_ghost_stat_death,
          hangedman_feature_mirror, minmay_misc_feat_secret_circle,
          kennysheep_windowed_goal
D:5:      layout_rooms, overflow_temple_1_default, fedhas_altar_1,
          grunt_dithmenos_shadows, first_ration
D:6:      layout_loops_cross, basic_altar, st_stairs_9, minmay_joined_circles
D:7:      layout_basic, uniq_pikel
D:8:      layout_rooms, kennysheep_little_box, columned_hall_lemuel
D:9:      layout_small_grid, marbit_many_paths
D:10:     cheibrodos_steamvent, layout_loops_corners, lair_entry_dummy
D:11:     layout_loops_ring
D:12:     layout_basic, minmay_orc_entry_temple_small, grunt_pizzeria,
          kennysheep_generic_room_14, uniq_rupert
D:13:     lemuel_ogre_cave, layout_basic
Temple:   nicolae_temple_great_sept

Skill      XL: |  1  2  3  4  5  6  7  8  9 10 |
---------------+-------------------------------+-----
Fighting       | 3 4 5 6 7 8 9 |  9.5
Unarmed Combat | 3 4 5 7 8 10 | 10.9
Throwing       | 3 5 |  5.1
Shields        | 4 |  4.0
Dodging        | |  2.4

Action                   |  1- 3 |  4- 6 |  7- 9 | 10-12 || total
-------------------------+-------+-------+-------+-------++-------
Melee: Unarmed           |    96 |   134 |   273 |   149 ||   652
Throw: Stone             |       |     2 |     4 |     4 ||    10
Invok: Heroism           |       |       |       |     3 ||     3
Evoke: Wand              |       |       |       |     1 ||     1
  Use: Scroll            |     4 |     4 |    10 |     4 ||    22
  Eat: Chunk             |    20 |    13 |    28 |    13 ||    74
Armor: Robe              |    37 |    36 |    43 |    28 ||   144
Dodge: Dodged            |    33 |    40 |    52 |    38 ||   163
       Deflected         |       |       |       |     1 ||     1
Block: Kite shield       |    39 |    58 |    83 |    80 ||   260

Table legend:
 A = Non-vault XP
 B = Vault XP
 C = Vault XP percentage of total XP
 D = Non-vault monster count
 E = Vault monster count
 F = Vault count percentage of total count
                 A         B        C        D         E       F
            +---------+---------+-------+---------+---------+-------
      Total |    9393 |     904 |   8.8 |     239 |      13 |   5.2
            +---------+---------+-------+---------+---------+-------
        D:1 |      31 |       0 |   0.0 |      18 |       0 |   0.0
        D:2 |      77 |       0 |   0.0 |      28 |       0 |   0.0
        D:3 |     142 |       0 |   0.0 |      28 |       0 |   0.0
        D:4 |     552 |      38 |   6.4 |      20 |       2 |   9.1
        D:5 |     924 |      11 |   1.2 |      25 |       1 |   3.8
        D:6 |     359 |     158 |  30.6 |       9 |       8 |  47.1
        D:7 |    1170 |     651 |  35.7 |      29 |       1 |   3.3
        D:8 |    1090 |       0 |   0.0 |      23 |       0 |   0.0
        D:9 |    1134 |      46 |   3.9 |      29 |       1 |   3.3
       D:10 |     804 |       0 |   0.0 |       8 |       0 |   0.0
       D:11 |    1470 |       0 |   0.0 |      11 |       0 |   0.0
       D:13 |    1640 |       0 |   0.0 |      11 |       0 |   0.0
            +---------+---------+-------+---------+---------+-------
